Map: Rorschach LE

Players

liquidclem (Clem) - Winner!

  • Race: Terran Terran
  • League: Grandmaster
  • Spawn Location: 7:00

Krystianer

  • Race: Protoss Protoss
  • League: Grandmaster
  • Spawn Location: 5:00

Event: HomeStory Cup XXIX

VOD

Have the link to the VOD?

Description

Time

  • Played on: July 5, 2026, 8:26 a.m.
  • Length: 9:32

All games in this series

Show
View Real Time Build Order
Export as new Build Order

liquidclem Terran - Winner!

Build Orders: Reaper Expand 

Get SALT Encoding   

  8  0:00  SCV  
  9  0:12  SCV  
  10  0:24  SCV  
  10  0:28  Supply Depot  
  11  0:36  SCV  
  12  0:48  SCV  
  13  0:53  Barracks  
  13  1:00  SCV  
  14  1:06  Refinery  
  14  1:13  SCV  
  15  1:25  SCV  
  16  1:27  Engineering Bay  
  16  1:42  Orbital Command  
  16  1:48  Reaper  
  17  2:07  SCV  
  18  2:16  Command Center  
  18  2:21  SCV  
  19  2:23  Barracks Reactor  
  19  2:30  Supply Depot  
  19  2:34  SCV  
  20  2:43  Barracks  
  20  2:48  SCV  
  21  2:59  Barracks  
  21  3:02  SCV, Marine  
  23  3:06  Marine  
  24  3:14  SCV  
  25  3:20  Marine  
  25  3:24  Marine  
  25  3:26  SCV  
  28  3:28  Orbital Command  
  28  3:33  Barracks Tech Lab  
  28  3:38  SCV  
  28  3:39  Marine  
  30  3:42  Marine  
  30  3:46  Barracks Tech Lab, Engineering Bay  
  31  3:52  SCV, Stimpack  
  31  3:54  SCV  
  32  3:59  Marine x2  
  32  4:01  Marine  
  35  4:04  SCV  
  35  4:06  Combat Shield  
  35  4:08  SCV  
  37  4:13  Missile Turret  
  37  4:18  SCV  
  37  4:20  Supply Depot, SCV  
  37  4:23  Terran Infantry Weapons Level 1  
  39  4:25  Marine  
  39  4:27  Marine  
  39  4:29  Marine  
  42  4:38  Supply Depot  
  42  4:42  Marine, SCV x2  
  42  4:43  Marine  
  42  4:44  Supply Depot, Marine  
  47  4:47  Marine  
  47  4:52  Factory  
  48  4:54  SCV  
  48  4:56  Refinery, SCV  
  48  4:59  Marine  
  50  5:03  Marine x2  
  50  5:06  SCV  
  50  5:07  Supply Depot, Marine  
  54  5:10  SCV  
  54  5:13  Missile Turret  
  56  5:17  Marine  
  56  5:20  SCV  
  56  5:21  Marine  
  59  5:22  SCV  
  59  5:25  Concussive Shells  
  59  5:27  Marine x2  
  62  5:32  SCV  
  62  5:34  SCV, Refinery  
  62  5:35  Marine  
  64  5:37  Starport  
  64  5:42  Supply Depot  
  65  5:44  Factory Reactor  
  65  5:45  SCV, Marine  
  65  5:47  SCV  
  65  5:48  Refinery, Marine  
  69  5:52  Marauder  
  69  5:57  SCV  
  71  5:59  SCV  
  71  6:03  Marine  
  68  6:08  Marine  
  68  6:09  SCV  
  68  6:10  Supply Depot  
  67  6:11  SCV  
  67  6:12  Marine  
  67  6:15  Marine  
  66  6:21  SCV, Marine  
  62  6:25  Marine  
  62  6:30  Factory Reactor  
  62  6:31  Medivac x2  
  64  6:34  Marauder x2  
  64  6:37  SCV  
  64  6:39  SCV  
  70  6:40  Marine  
  70  6:43  Marine  
  70  6:44  Command Center  
  72  6:53  Barracks  
  72  6:54  Barracks  
  72  6:56  Marauder x2  
  72  6:57  Marine  
  76  7:01  Supply Depot, Marine, SCV  
  76  7:05  Medivac x2  
  81  7:09  Widow Mine x2  
  81  7:10  SCV  
  81  7:13  SCV  
  86  7:17  Marauder x2, Marine  
  90  7:22  SCV  
  90  7:24  Terran Infantry Armor Level 1, Supply Depot  
  90  7:25  Marine  
  91  7:33  Widow Mine x2  
  91  7:34  SCV  
  91  7:35  SCV  
  95  7:38  Marauder  
  95  7:40  Marine  
  95  7:41  Supply Depot  
  95  7:42  Barracks Tech Lab, Barracks Reactor  
  98  7:47  SCV x2  
  98  7:48  Marine  
  101  7:54  Medivac  
  101  7:55  Widow Mine  
  101  7:57  Widow Mine  
  107  7:59  SCV x2  
  107  8:01  Orbital Command  
  107  8:03  Marine  
  106  8:11  Marauder, SCV x2  
  106  8:12  Supply Depot  
  110  8:15  Marauder  
  110  8:17  Supply Depot  
  110  8:18  Marine  
  115  8:20  Widow Mine x2  
  115  8:23  Marine x2, SCV x2  
  121  8:28  Marine  
  121  8:30  Supply Depot  
  121  8:31  Medivac x2  
  121  8:33  Marauder  
  126  8:35  SCV x3  
  126  8:39  Marine  
  126  8:40  Supply Depot, Marauder  
  132  8:42  Marauder, Marine x2  
  132  8:47  SCV  
  137  8:49  Armory  
  137  8:50  Engineering Bay  
  137  8:53  Marine  
  137  8:54  Marauder  
  139  8:57  Widow Mine  
  139  8:58  Supply Depot  
  139  8:59  Marine, Widow Mine  
  139  9:01  Marauder, Marine  
  139  9:02  Marine  
  146  9:03  Marauder  
  146  9:11  Marine  
  146  9:12  Supply Depot  
  146  9:13  SCV  
Show
View Real Time Build Order
Export as new Build Order

Krystianer Protoss 

Build Orders: Phoenix Opening 

Get SALT Encoding   

  8  0:00  Probe (Chrono Boost)  
  9  0:12  Probe (Chrono Boost)  
  10  0:19  Probe (Chrono Boost)  
  11  0:26  Probe  
  12  0:31  Pylon  
  12  0:38  Probe  
  13  0:50  Probe  
  13  0:53  Gateway  
  14  1:03  Probe (Chrono Boost)  
  15  1:04  Assimilator  
  16  1:12  Probe (Chrono Boost)  
  16  1:17  Probe (Chrono Boost)  
  17  1:29  Probe  
  18  1:41  Probe  
  19  1:48  Nexus  
  19  1:57  Cybernetics Core  
  19  1:59  Probe  
  20  2:05  Pylon  
  20  2:11  Probe  
  21  2:15  Assimilator  
  21  2:23  Probe  
  22  2:32  Stalker (Chrono Boost)  
  22  2:35  Probe  
  25  2:41  Shield Battery  
  25  2:48  Probe  
  25  2:51  Stalker  
  27  3:01  Probe (Chrono Boost), Stargate  
  28  3:06  Probe (Chrono Boost)  
  30  3:14  Warp Gate  
  30  3:18  Probe x2 (Chrono Boost)  
  31  3:24  Probe (Chrono Boost)  
  31  3:25  Stalker  
  34  3:27  Probe  
  35  3:36  Probe  
  35  3:39  Probe  
  37  3:48  Probe  
  37  3:51  Probe  
  37  3:54  Phoenix (Chrono Boost)  
  40  4:00  Probe  
  41  4:03  Twilight Council  
  41  4:06  Probe  
  42  4:13  Pylon  
  42  4:17  Gateway  
  42  4:31  Probe (Chrono Boost)  
  42  4:32  Gateway  
  42  4:33  Blink (Chrono Boost)  
  42  4:35  Gateway, Probe (Chrono Boost)  
  44  4:43  Probe (Chrono Boost)  
  44  4:45  Pylon  
  46  4:47  Probe (Chrono Boost)  
  46  4:48  Probe (Chrono Boost)  
  46  4:51  Assimilator  
  47  4:55  Probe  
  47  4:58  Probe  
  49  5:08  Probe  
  49  5:10  Probe  
  49  5:12  Stalker x2, Pylon  
  54  5:26  Probe  
  55  5:28  Pylon  
  55  5:33  Shield Battery  
  55  5:35  Sentry  
  55  5:39  Stalker x2  
  55  5:41  Stalker  
  63  5:47  Probe  
  64  5:50  Pylon  
  64  5:59  Stalker  
  64  6:03  Stalker x2  
  64  6:06  Stalker  
  64  6:08  Probe x2  
  54  6:23  Stalker  
  56  6:27  Stalker x2  
  56  6:30  Stalker  
  60  6:33  Nexus  
  60  6:35  Probe  
  61  6:40  Probe  
  62  6:47  Probe  
  62  6:52  Probe  
  64  6:57  Stalker x4  
  72  7:02  Probe  
  72  7:08  Probe  
  74  7:09  Pylon  
  74  7:20  Probe  
  73  7:23  Probe  
  73  7:28  Stalker x4  
  82  7:30  Pylon  
  82  7:37  Forge  
  82  7:40  Charge (Chrono Boost)  
  82  7:44  Probe x2  
  82  7:50  Probe  
  83  7:55  Stalker x3  
  83  7:56  Probe x2, Stalker  
  87  8:16  Gateway  
  87  8:17  Gateway  
  87  8:19  Gateway  
  87  8:21  Gateway  
  87  8:23  Stalker x2, Zealot x2  
  87  8:27  Probe (Chrono Boost)  
  87  8:32  Probe x2 (Chrono Boost)  
  89  8:38  Probe (Chrono Boost)  
  88  8:41  Probe (Chrono Boost)  
  88  8:42  Probe (Chrono Boost)  
  88  8:46  Zealot x4, Probe (Chrono Boost)  
  99  8:49  Probe x2 (Chrono Boost)  
  99  8:51  Probe (Chrono Boost)  
  96  9:08  Stalker x3  
  87  9:24  Zealot  
Tags
 
Add a new tag
Caveats
  • Supply blocks, unpowered buildings, or Contaminate may cause inaccurate times.
  • Supply counts are checked every 10 seconds.